TOP OF THE 1ST |
Frisco RoughRiders batting - Pitching for New Hampshire Fisher Cats : RHP Bill Dillard
|
Pitching: RHP Bill Dillard
|
|
Batting: LHB Yoshinari Nara
|
0-0: Ball 1-0: Foul Ball, location: 2F 1-1: Ball 2-1: Called Strike 2-2: Foul Ball, location: 2F 2-2: Fly out, F8 (Flyball, 8LXD, EV 74.4 MPH)
|
Batting: LHB Jody Hudson
|
0-0: Called Strike 0-1: Ball 1-1: Called Strike 1-2: Strikes out swinging
|
Batting: RHB Chance Lamb
|
0-0: Ball 1-0: Ball 2-0: Foul Ball, location: 2F 2-1: Foul Ball, location: 2F 2-2: Ball 3-2: Base on Balls
|
Batting: LHB Jim Pankratz
|
0-0: Ball 1-0: Ball Wild Pitch! Chance Lamb to second 2-0: Ball 3-0: Base on Balls
|
Batting: LHB Joseph Martin
|
0-0: Ground out 4-3 (Groundball, 4, EV 90.6 MPH)
|
Top of the 1st over - 0 runs, 0 hits, 0 errors, 2 left on base; Frisco 0 - New Hampshire 0 |
BOTTOM OF THE 1ST |
New Hampshire Fisher Cats batting - Pitching for Frisco RoughRiders : RHP John Piccola
|
Pitching: RHP John Piccola
|
|
Batting: RHB Tokuji Kawabata
|
0-0: Called Strike 0-1: Foul Ball, location: 2F 0-2: Ball 1-2: Ball 2-2: Foul Ball, location: 2F 2-2: Ball 3-2: Strikes out swinging
|
Batting: RHB Stephen Casteel
|
0-0: Ball 1-0: DOUBLE (Line Drive, 78D, EV 104.4 MPH)
|
Batting: RHB Raul de la Cruz
|
0-0: Ball 1-0: Ball 2-0: Swinging Strike 2-1: Swinging Strike 2-2: Ball 3-2: Base on Balls
|
Batting: RHB John Hering
|
0-0: Swinging Strike 0-1: Hit by Pitch Stephen Casteel to third Raul de la Cruz to second
|
Batting: RHB Marcos Villalobos
|
0-0: Foul Ball, location: 2F 0-1: Ball 1-1: Foul Ball, location: 2F 1-2: Foul Ball, location: 2F 1-2: Ball 2-2: Ball 3-2: Base on Balls Stephen Casteel scores Raul de la Cruz to third John Hering to second
|
Batting: SHB Bryan Johnston
|
0-0: Called Strike 0-1: Ball 1-1: Swinging Strike 1-2: Ball 2-2: Grounds into fielders choice U2 (Groundball, 2L, EV 72.5 MPH) John Hering to third Marcos Villalobos to second
|
Batting: RHB Kirk Seiffert
|
0-0: Foul Ball, location: 2F 0-1: Ball 1-1: Ball 2-1: SINGLE (Groundball, 34D, EV 100.6 MPH) John Hering scores Marcos Villalobos to third Bryan Johnston to second Runner from 3rd tries for Home, SAFE, throw by RF to home
|
Batting: LHB Kurt Estep
|
0-0: Called Strike 0-1: Ball 1-1: Fly out, F8 (Flyball, 8LXD, EV 90.6 MPH)
|
Bottom of the 1st over - 3 runs, 2 hits, 0 errors, 2 left on base; Frisco 0 - New Hampshire 3 |
TOP OF THE 2ND |
Frisco RoughRiders batting - Pitching for New Hampshire Fisher Cats : RHP Bill Dillard
|
Batting: RHB Luis Arce
|
0-0: Ball 1-0: Foul Ball, location: 2F 1-1: Swinging Strike 1-2: Ground out 6-3 (Groundball, 6, EV 84.4 MPH)
|
Batting: SHB Seung-ho Zhang
|
0-0: Foul Ball, location: 2F 0-1: Swinging Strike 0-2: Foul Ball, location: 2F 0-2: Foul Ball, location: 2F 0-2: Foul Ball, location: 2F 0-2: SINGLE (Groundball, 4MD, EV 106.2 MPH)
|
Batting: RHB Matt Sanders
|
0-0: Called Strike 0-1: Grounds into double play, 6-4-3 (Groundball, 56, EV 90.0 MPH)
|
Top of the 2nd over - 0 runs, 1 hit, 0 errors, 0 left on base; Frisco 0 - New Hampshire 3 |
BOTTOM OF THE 2ND |
New Hampshire Fisher Cats batting - Pitching for Frisco RoughRiders : RHP John Piccola
|
Batting: RHB Justin Powell
|
0-0: Ball 1-0: Ball 2-0: Ground out 3-1 (Groundball, 34, EV 86.9 MPH)
|
Batting: RHB Tokuji Kawabata
|
0-0: Ball 1-0: Ball 2-0: Ball 3-0: Base on Balls
|
Batting: RHB Stephen Casteel
|
0-0: SINGLE (Groundball, 56D, EV 111.9 MPH) Tokuji Kawabata to second
|
Batting: RHB Raul de la Cruz
|
0-0: Called Strike 0-1: Swinging Strike 0-2: Ball Wild Pitch! Tokuji Kawabata to third Stephen Casteel to second 1-2: Strikes out looking
|
Batting: RHB John Hering
|
0-0: Called Strike 0-1: Ball 1-1: Foul Ball, location: 2F 1-2: Ground out 2-3 (Groundball, 15S, EV 65.0 MPH)
|
Bottom of the 2nd over - 0 runs, 1 hit, 0 errors, 2 left on base; Frisco 0 - New Hampshire 3 |
TOP OF THE 3RD |
Frisco RoughRiders batting - Pitching for New Hampshire Fisher Cats : RHP Bill Dillard
|
Batting: RHB Carlos Lopez
|
0-0: Ball 1-0: Ball 2-0: Ball 3-0: Ground out 5-3 (Groundball, 5S, EV 86.9 MPH)
|
Batting: LHB Yoshinari Nara
|
0-0: Swinging Strike 0-1: Foul Ball, location: 2F 0-2: Foul Ball, location: 2F 0-2: Foul Ball, location: 2F 0-2: Ground out 6-3 (Groundball, 6, EV 109.4 MPH)
|
Batting: LHB Jody Hudson
|
0-0: Ball 1-0: Ball 2-0: Ground out 6-3 (Groundball, 56, EV 102.5 MPH)
|
Top of the 3rd over - 0 runs, 0 hits, 0 errors, 0 left on base; Frisco 0 - New Hampshire 3 |
BOTTOM OF THE 3RD |
New Hampshire Fisher Cats batting - Pitching for Frisco RoughRiders : RHP John Piccola
|
Batting: RHB Marcos Villalobos
|
0-0: Ball 1-0: Fly out, F8 (Flyball, 8LM, EV 89.4 MPH)
|
Batting: SHB Bryan Johnston
|
0-0: SINGLE (Line Drive, 34D, EV 108.8 MPH)
|
Batting: RHB Kirk Seiffert
|
0-0: Called Strike Bryan Johnston is caught stealing 2nd base 2-4 0-1: Swinging Strike 0-2: Strikes out looking
|
Bottom of the 3rd over - 0 runs, 1 hit, 0 errors, 0 left on base; Frisco 0 - New Hampshire 3 |
TOP OF THE 4TH |
Frisco RoughRiders batting - Pitching for New Hampshire Fisher Cats : RHP Bill Dillard
|
Batting: RHB Chance Lamb
|
0-0: Ball 1-0: Called Strike 1-1: Called Strike 1-2: Foul Ball, location: 2F 1-2: Fly out, F8 (Flyball, 8RM, EV 96.9 MPH)
|
Batting: LHB Jim Pankratz
|
0-0: Ground out 6-3 (Groundball, 56, EV 83.1 MPH)
|
Batting: LHB Joseph Martin
|
0-0: Ball 1-0: Ground out U3 (Groundball, 34S, EV 69.4 MPH)
|
Top of the 4th over - 0 runs, 0 hits, 0 errors, 0 left on base; Frisco 0 - New Hampshire 3 |
BOTTOM OF THE 4TH |
New Hampshire Fisher Cats batting - Pitching for Frisco RoughRiders : RHP John Piccola
|
Batting: LHB Kurt Estep
|
0-0: Ball 1-0: Foul Ball, location: 2F 1-1: Ball 2-1: Ball 3-1: Fly out, F9 (Flyball, 9, EV 91.9 MPH)
|
Batting: RHB Justin Powell
|
0-0: Ball 1-0: Foul Ball, location: 2F 1-1: Swinging Strike 1-2: Ball 2-2: Ball 3-2: DOUBLE (Flyball, 89D, EV 108.1 MPH)
|
Batting: RHB Tokuji Kawabata
|
0-0: Called Strike 0-1: Foul Ball, location: 2F 0-2: DOUBLE (Groundball, 5L, EV 106.2 MPH) Justin Powell scores
|
Batting: RHB Stephen Casteel
|
0-0: Called Strike 0-1: Foul Ball, location: 2F 0-2: Strikes out looking
|
Batting: RHB Raul de la Cruz
|
0-0: Ball 1-0: Ground out 6-3 (Groundball, 6M, EV 106.2 MPH)
|
Bottom of the 4th over - 1 run, 2 hits, 0 errors, 1 left on base; Frisco 0 - New Hampshire 4 |
TOP OF THE 5TH |
Frisco RoughRiders batting - Pitching for New Hampshire Fisher Cats : RHP Bill Dillard
|
Pitching: RHP Takehide Tanaka
|
|
Batting: RHB Luis Arce
|
0-0: Called Strike 0-1: Foul Ball, location: 2F 0-2: Fly out, F8 (Flyball, 8RD, EV 104.4 MPH)
|
Batting: SHB Seung-ho Zhang
|
0-0: Called Strike 0-1: Swinging Strike 0-2: Ball 1-2: Foul Ball, location: 2F 1-2: Ball 2-2: Foul Ball, location: 2F 2-2: Ball 3-2: Foul Ball, location: 2F 3-2: Strikes out looking
|
Batting: RHB Matt Sanders
|
0-0: Ball 1-0: Foul Ball, location: 2F 1-1: Foul Ball, location: 2F 1-2: SINGLE (Line Drive, 3D, EV 98.1 MPH)
|
Batting: RHB Carlos Lopez
|
0-0: Ball 1-0: Foul Ball, location: 2F 1-1: Called Strike Matt Sanders steals 2nd base 1-2: Ground out 6-3 (Groundball, 56, EV 104.4 MPH)
|
Top of the 5th over - 0 runs, 1 hit, 0 errors, 1 left on base; Frisco 0 - New Hampshire 4 |
BOTTOM OF THE 5TH |
New Hampshire Fisher Cats batting - Pitching for Frisco RoughRiders : RHP John Piccola
|
Batting: RHB John Hering
|
0-0: Ball 1-0: Called Strike 1-1: Swinging Strike 1-2: Strikes out swinging
|
Batting: RHB Marcos Villalobos
|
0-0: Ball 1-0: Ball 2-0: Foul Ball, location: 2F 2-1: Ball 3-1: Foul Ball, location: 2F 3-2: Strikes out swinging, 2-3 out at first.
|
Batting: SHB Bryan Johnston
|
0-0: Ball 1-0: Fly out, F9 (Flyball, 89S, EV 85.6 MPH)
|
Bottom of the 5th over - 0 runs, 0 hits, 0 errors, 0 left on base; Frisco 0 - New Hampshire 4 |
TOP OF THE 6TH |
Frisco RoughRiders batting - Pitching for New Hampshire Fisher Cats : RHP Takehide Tanaka
|
Batting: LHB Yoshinari Nara
|
0-0: Called Strike 0-1: Called Strike 0-2: Foul Ball, location: 2F 0-2: Strikes out swinging
|
Batting: LHB Jody Hudson
|
0-0: Foul Ball, location: 2F 0-1: Foul Ball, location: 2F 0-2: Ball 1-2: Ground out U3 (Groundball, 3, EV 83.1 MPH)
|
Batting: RHB Chance Lamb
|
0-0: Ball 1-0: Ball 2-0: Ball 3-0: Base on Balls
|
Batting: LHB Jim Pankratz
|
0-0: Called Strike 0-1: Ball 1-1: Called Strike 1-2: Foul Ball, location: 2F 1-2: Foul Ball, location: 2F 1-2: Foul Ball, location: 2F 1-2: Ball 2-2: Fly out, F4 (Popup, 4M, EV 53.8 MPH)
|
Top of the 6th over - 0 runs, 0 hits, 0 errors, 1 left on base; Frisco 0 - New Hampshire 4 |
BOTTOM OF THE 6TH |
New Hampshire Fisher Cats batting - Pitching for Frisco RoughRiders : RHP John Piccola
|
Batting: RHB Kirk Seiffert
|
0-0: Called Strike 0-1: Ball 1-1: Swinging Strike 1-2: Ball 2-2: Foul Ball, location: 2F 2-2: Ground out 5-3 (Groundball, 56, EV 89.4 MPH)
|
Batting: LHB Kurt Estep
|
0-0: Called Strike 0-1: Ground out 5-3 (Groundball, 5, EV 86.2 MPH)
|
Batting: RHB Justin Powell
|
0-0: Fly out, F7 (Flyball, 7, EV 93.1 MPH)
|
Bottom of the 6th over - 0 runs, 0 hits, 0 errors, 0 left on base; Frisco 0 - New Hampshire 4 |
TOP OF THE 7TH |
Frisco RoughRiders batting - Pitching for New Hampshire Fisher Cats : RHP Takehide Tanaka
|
Pitching: RHP Chut-sai Teoh
|
|
Batting: LHB Joseph Martin
|
0-0: Foul Ball, location: 2F 0-1: Ball 1-1: Foul Ball, location: 2F 1-2: Foul Ball, location: 2F 1-2: Foul Ball, location: 2F 1-2: Ball 2-2: Foul Ball, location: 2F 2-2: Ball 3-2: Foul Ball, location: 2F 3-2: SINGLE (Flyball, 6MD, EV 90.6 MPH)
|
Batting: RHB Luis Arce
|
0-0: SINGLE (Groundball, 4MD, EV 101.2 MPH) (infield hit) Joseph Martin to second
|
Batting: SHB Seung-ho Zhang
|
0-0: Called Strike 0-1: Foul Ball, location: 2F 0-2: Fielders Choice at 2nd, 6-4 (Groundball, 6, EV 83.8 MPH) Joseph Martin to third
|
Batting: RHB Matt Sanders
|
0-0: Called Strike Seung-ho Zhang is caught stealing 2nd base 2-4 0-1: Ball 1-1: Foul Ball, location: 2F 1-2: Ground out 6-3 (Groundball, 6, EV 89.4 MPH)
|
Top of the 7th over - 0 runs, 2 hits, 0 errors, 1 left on base; Frisco 0 - New Hampshire 4 |
BOTTOM OF THE 7TH |
New Hampshire Fisher Cats batting - Pitching for Frisco RoughRiders : RHP John Piccola
|
Batting: RHB Tokuji Kawabata
|
0-0: Foul Ball, location: 2F 0-1: Ball 1-1: Ball 2-1: Ball 3-1: Ground out 6-3 (Groundball, 56D, EV 97.5 MPH)
|
Pitching: RHP Tim Martin
|
|
Batting: RHB Stephen Casteel
|
0-0: Ball 1-0: Called Strike 1-1: Fly out, F9 (Flyball, 9, EV 82.5 MPH)
|
Batting: RHB Raul de la Cruz
|
0-0: Ball 1-0: Ball 2-0: Ground out 1-3 (Groundball, 34S, EV 70.0 MPH)
|
Bottom of the 7th over - 0 runs, 0 hits, 0 errors, 0 left on base; Frisco 0 - New Hampshire 4 |
TOP OF THE 8TH |
Frisco RoughRiders batting - Pitching for New Hampshire Fisher Cats : RHP Chut-sai Teoh
|
Now at 1B: Chris Martin
|
|
Batting: RHB Carlos Lopez
|
0-0: Called Strike 0-1: Foul Ball, location: 2F 0-2: Ball 1-2: Ground out 6-3 (Groundball, 6, EV 84.4 MPH)
|
Batting: LHB Yoshinari Nara
|
0-0: Foul Ball, location: 2F 0-1: Ball 1-1: Swinging Strike 1-2: Strikes out swinging
|
Batting: LHB Jody Hudson
|
0-0: Swinging Strike 0-1: Ball 1-1: Foul Ball, location: 2F 1-2: Ball 2-2: Foul Ball, location: 2F 2-2: Ground out 6-3 (Groundball, 6, EV 103.1 MPH)
|
Top of the 8th over - 0 runs, 0 hits, 0 errors, 0 left on base; Frisco 0 - New Hampshire 4 |
BOTTOM OF THE 8TH |
New Hampshire Fisher Cats batting - Pitching for Frisco RoughRiders : RHP Tim Martin
|
Batting: RHB John Hering
|
0-0: Ball 1-0: Ball 2-0: Ball 3-0: Called Strike 3-1: Swinging Strike 3-2: SINGLE (Line Drive, 34D, EV 94.4 MPH)
|
Batting: RHB Marcos Villalobos
|
0-0: Ball 1-0: Ball 2-0: Ball 3-0: Called Strike 3-1: Base on Balls John Hering to second
|
Batting: SHB Bryan Johnston
|
0-0: Ball 1-0: Ball 2-0: Sac Bunt to 15S - play at first, batter OUT! 1-4 John Hering to third Marcos Villalobos to second
|
Batting: RHB Kirk Seiffert
|
0-0: Ball 1-0: Ground out 6-3 (Groundball, 6, EV 75.6 MPH) John Hering scores Marcos Villalobos to third
|
Batting: LHB Kurt Estep
|
0-0: Called Strike 0-1: Ball 1-1: Foul Ball, location: 2F 1-2: Foul Ball, location: 2F 1-2: Ball 2-2: Ball 3-2: Ground out 4-3 (Groundball, 4, EV 85.0 MPH)
|
Bottom of the 8th over - 1 run, 1 hit, 0 errors, 1 left on base; Frisco 0 - New Hampshire 5 |
TOP OF THE 9TH |
Frisco RoughRiders batting - Pitching for New Hampshire Fisher Cats : RHP Chut-sai Teoh
|
Batting: RHB Chance Lamb
|
0-0: Ball 1-0: Foul Ball, location: 2F 1-1: Foul Ball, location: 2F 1-2: Strikes out swinging
|
Batting: LHB Jim Pankratz
|
0-0: Ground out 6-3 (Groundball, 56D, EV 107.5 MPH)
|
Batting: LHB Joseph Martin
|
0-0: Foul Ball, location: 2F 0-1: Fly out, F7 (Flyball, 7LSF, EV 87.5 MPH)
|
Top of the 9th over - 0 runs, 0 hits, 0 errors, 0 left on base; Frisco 0 - New Hampshire 5 |
|